 Dungeon Crawl Stone Soup version 0.22-a0-135-g6f012ad (webtiles) character file.

1355 KristoblXynda the Covert (level 8, -3/46 HPs)
             Began as an Octopode Enchanter on Jan 31, 2018.
             Was a Follower of Yredelemnul.
             Slain by a sky beast (6 damage)
             ... on level 6 of the Dungeon.
             The game lasted 00:14:32 (6397 turns).

KristoblXynda the Covert (Octopode Enchanter)       Turns: 6397, Time: 00:14:32

Health: -3/46      AC:  1    Str: 10 (13) XL:     8   Next: 63%
Magic:  16/16      EV: 12    Int: 17 (19) God:    Yredelemnul [*.....]
Gold:   397        SH:  0    Dex:  3 (12) Spells: 12/18 levels left

rFire    + . .     SeeInvis .   a - +2 dagger
rCold    + . .     Gourm    .   (no shield)
rNeg     . . .     Faith    .   (helmet restricted)
rPois    .         Spirit   .   d - amulet of regeneration
rElec    .         Reflect  .   e - ring of protection from cold
rCorr    +         Harm     .   t - ring of resist corrosion
MR       .....                  (no ring)
Stlth    +++.......             (no ring)
HPRegen  0.55/turn              (no ring)
MPRegen  0.15/turn              (no ring)
                                (no ring)
                                (no ring)

@: confused, mighty
A: almost no armour, stealthy swim, amphibious, 8 rings, constrict 8, camouflage
1, deterioration 1, fire resistance 1, gelatinous body 1
a: Animate Remains, Renounce Religion


You were on level 6 of the Dungeon.
You worshipped Yredelemnul.
Yredelemnul was aware of your devotion.
You were not hungry.

You visited 2 branches of the dungeon, and saw 7 of its levels.

You collected 397 gold pieces.

Inventory:

Hand Weapons
 a - a +2 dagger (weapon)
Jewellery
 d - an amulet of regeneration (around mantle)
 e - a ring of protection from cold (left tentacle)
 t - a ring of resist corrosion (right tentacle)
Wands
 l - a wand of digging (10)
 m - a wand of clouds (7)
Scrolls
 g - a scroll of random uselessness {unknown}
 h - a scroll of magic mapping {unknown}
 k - a scroll of fog {unknown}
 n - a scroll of enchant weapon
 o - 3 scrolls of immolation
 p - 2 scrolls of teleportation {unknown}
 q - 2 scrolls of remove curse
 r - a scroll of fear {unknown}
Potions
 f - a potion of brilliance
 j - 2 potions of flight
 s - a potion of degeneration {unknown}
 u - a potion of curing {unknown}
 w - a potion of lignification {unknown}
 x - a potion of agility {unknown}
Books
 b - a book of Maledictions

   Spells                             Type                      Level
   a - Corona                         Hexes                        1
   b - Ensorcelled Hibernation        Hexes/Ice                    2
   c - Confuse                        Hexes                        3
   d - Tukima's Dance                 Hexes                        3
   e - Dazzling Spray                 Conjuration/Hexes            3
Comestibles
 c - 5 rations


   Skills:
 - Level 1.0 Short Blades
 - Level 2.0 Dodging
 + Level 9.4 Stealth
 + Level 5.7 Spellcasting
 + Level 6.6 Hexes


You had 12 spell levels left.
You knew the following spells:

 Your Spells              Type           Power        Failure   Level  Hunger
a - Corona                Hex            ####...      1%          1    None
b - Ensorcelled Hibernat  Hex/Ice        ###...       4%          2    #......
c - Confuse               Hex            ####....     2%          3    ##.....


Dungeon Overview and Level Annotations

Branches:
Dungeon (6/15)             Temple (1/1) D:4

Altars:
Ashenzari
Cheibriados
Dithmenos
Elyvilon
Fedhas
Hepliaklqana
Kikubaaqudgha
Makhleb
Okawaru
Qazlal
Ru
Sif Muna
Trog
Uskayaw
Vehumet
Wu Jian
Xom
Yredelemnul
Zin
The Shining One

Shops:
D:5 :

Annotations:
D:3 ThereIsNoGod's ghost, weakling TrMo
D:6 Dowan; Duvessa


Innate Abilities, Weirdness & Mutations

You cannot wear most types of armour.
You are very stealthy in the water. (Stealth+)
You are amphibious.
You can wear up to eight rings at the same time.
You can use your tentacles to constrict eight enemies at once.
Your skin changes colour to match your surroundings (Stealth+).
Your rubbery body absorbs attacks. (AC +1, EV +1)
Your body sometimes deteriorates upon taking damage.
Your flesh is heat resistant. (rF+)


Message History

You miss something.
A sky beast appears from thin air!
The sky beast misses you.
You hit the sky beast but do no damage. The sky beast hits you.
The sky beast shocks you.
You closely miss the sky beast. You hit the sky beast but do no damage.
The sky beast flickers out of sight!
Something hits you. Something shocks you.
You miss something. Something hits you. Something shocks you.
Your body deteriorates!
You feel weakened.
You feel very mighty all of a sudden. Something hits you.
* * * LOW HITPOINT WARNING * * *
Something shocks you.
* * * LOW HITPOINT WARNING * * *
You are confused.
You feel invigorated. Something hits you.
* * * LOW HITPOINT WARNING * * *
Something shocks you.
You die...
Your body rises from the dead as a mindless zombie.

######### #####
......... ##...##
.######## ##.....## .#
.########.......#
.#####
................#
.....# #..........#
###'### #@###.....##
#≈≈.§§# #{# #....##
#§#.#≈### #.###.#.##
'.._..+.#+## #.#.....#
#§#.#§#.†..## #.#.#.###
#≈≈.≈§#.....## #.#.#.#
###+###......###.....#
.#..#.>.......####...##
....'.........+.......#


There were no monsters in sight!

Vanquished Creatures
  Prince Ribbit (D:5)
  Sigmund (D:3)
  An ogre (D:4)
  An ice beast (D:5)
  A centaur (D:5)
  A bullfrog (D:6)
  4 howler monkeys
  A crimson imp (D:5)
  A quasit (D:5)
  Crazy Yiuf (D:3)
  A hound (D:5)
  An orc priest (D:3)
  A bullfrog skeleton (D:4)
  A centaur skeleton (D:6)
  An iguana (D:5)
  Terence (D:3)
  2 worker ants
  A hound zombie (D:6)
  A worker ant zombie (D:5)
  10 adders
  2 oozes (D:2)
  An adder skeleton (D:5)
  An adder zombie (D:5)
  2 dart slugs
  3 leopard geckos
  12 orcs
  6 bats
  7 giant cockroaches
  8 goblins
  9 hobgoblins
  8 jackals
  4 kobolds
  2 quokkas
  2 ball pythons
  3 frilled lizards
  A jackal skeleton (D:4)
  7 rats
111 creatures vanquished.

Notes
Turn   | Place    | Note
-------+----------+-------------------------------------------
     0 | D:1      | KristoblXynda the Octopode Enchanter began the quest for the Orb.
     0 | D:1      | Reached XP level 1. HP: 11/11 MP: 3/3
    62 | D:1      | Reached XP level 2. HP: 17/17 MP: 5/5
   290 | D:1      | Learned a level 2 spell: Ensorcelled Hibernation
   941 | D:2      | Reached XP level 3. HP: 11/21 MP: 1/6
  1273 | D:2      | Reached skill level 5 in Stealth
  1308 | D:2      | Reached XP level 4. HP: 16/27 MP: 0/8
  1868 | D:3      | Learned a level 3 spell: Confuse
  1906 | D:3      | Reached XP level 5. HP: 31/31 MP: 1/9
  2078 | D:3      | Noticed ThereIsNoGod's ghost (weakling TrMo)
  2816 | D:3      | Noticed Terence
  2831 | D:3      | Killed Terence
  2835 | D:3      | Reached skill level 6 in Stealth
  3085 | D:3      | Found a runed door.
  3089 | D:3      | Noticed Crazy Yiuf
  3093 | D:3      | Killed Crazy Yiuf
  3233 | D:3      | Reached XP level 6. HP: 33/36 MP: 9/11
  3345 | D:3      | Noticed Sigmund
  3356 | D:3      | Killed Sigmund
  3650 | D:4      | Reached skill level 7 in Stealth
  3654 | D:4      | Found a staircase to the Ecumenical Temple.
  3656 | D:4      | Reached skill level 5 in Hexes
  3656 | D:4      | Reached XP level 7. HP: 41/41 MP: 13/13
  3676 | Temple   | Entered the Ecumenical Temple
  3921 | Temple   | Became a worshipper of Yredelemnul the Dark
  3964 | D:4      | Gained mutation: Your body sometimes deteriorates upon taking damage. [potion of mutation]
  3964 | D:4      | Gained mutation: Your flesh is heat resistant. (rF+) [potion of mutation]
  4313 | D:4      | Found a snail-covered altar of Cheibriados.
  4541 | D:5      | Entered Level 5 of the Dungeon
  4562 | D:5      | Found Qiwnyuho's Book Boutique.
  4594 | D:5      | Found a hide-covered altar of Uskayaw.
  4782 | D:5      | Found a shattered altar of Ashenzari.
  4847 | D:5      | Found a hazy altar of Hepliaklqana.
  4948 | D:5      | Reached skill level 8 in Stealth
  5082 | D:5      | Reached XP level 8. HP: 30/46 MP: 15/15
  5238 | D:5      | Reached * piety under Yredelemnul
  5238 | D:5      | Reached skill level 5 in Spellcasting
  5359 | D:5      | Found a shadowy altar of Dithmenos.
  5493 | D:5      | Noticed Prince Ribbit
  5514 | D:5      | Killed Prince Ribbit
  5551 | D:5      | HP: 1/46 [ice beast (5)]
  5623 | D:5      | Reached skill level 9 in Stealth
  6045 | D:6      | Noticed Duvessa
  6046 | D:6      | Noticed Dowan
  6109 | D:6      | Found a bloodstained altar of Trog.
  6397 | D:6      | Slain by a sky beast

Vault maps used:
D:1:      saegor_arrival_simple_a
D:2:      first_ration
D:3:      kennysheep_generic_room_13, uniq_sigmund, uniq_terence,
          uniq_crazy_yiuf_cottage
D:4:      kennysheep_slug_shrine, temple_fountains
D:5:      lemuel_crystal_altar, nicolae_ashenzari_panopticon,
          nicolae_overflow_crystal_walls, serial_shops, shop,
          nicolae_dithmenos_the_darkroom, uniq_prince_ribbit1
D:6:      kennysheep_little_box, uniq_duvessa
Temple:   regret_index_temple_generic_petals

Skill      XL: |  1  2  3  4  5  6  7  8 |
---------------+-------------------------+-----
Stealth        | 5 6 7 8 9 |  9.4
Spellcasting   | 3 4 5 |  5.7
Hexes          | 4 5 6 |  6.6
Short Blades   | |  1.0
Dodging        | |  2.0

Action                   |  1- 3 |  4- 6 |  7- 9 || total
-------------------------+-------+-------+-------++-------
Melee: Dagger            |    66 |    99 |   162 ||   327
       Constrict         |    16 |    18 |    23 ||    57
       Tentacles         |     8 |    16 |    17 ||    41
 Cast: Ensorcelled Hiber |     7 |    13 |    17 ||    37
       Confuse           |       |    12 |    15 ||    27
Evoke: Wand              |       |       |     1 ||     1
  Use: Scroll            |       |     6 |     5 ||    11
       Potion            |       |     2 |     3 ||     5
 Stab: Sleeping          |    14 |    21 |    23 ||    58
       Distracted        |     1 |       |       ||     1
       Confused          |       |     2 |     3 ||     5
  Eat: Chunk             |     1 |     6 |     4 ||    11
       Ration            |       |     1 |     2 ||     3
Armor: Skin              |     5 |     4 |     8 ||    17
Dodge: Dodged            |    25 |    49 |    93 ||   167

Table legend:
 A = Spawn XP
 B = Non-spawn XP
 C = Spawn XP percentage of total XP
 D = Spawn monster count
 E = Non-spawn monster count
 F = Spawn count percentage of total count
 G = Total turns spent on level
                    A         B        C        D         E        F      G
               +---------+---------+-------+---------+---------+-------+---------
         Total |       0 |    1936 |   0.0 |       0 |     111 |   0.0 |  6397
               +---------+---------+-------+---------+---------+-------+---------
           D:1 |       0 |      22 |   0.0 |       0 |      13 |   0.0 |   754
           D:2 |       0 |      93 |   0.0 |       0 |      28 |   0.0 |  1297
           D:3 |       0 |     448 |   0.0 |       0 |      31 |   0.0 |  1595
           D:4 |       0 |     245 |   0.0 |       0 |      14 |   0.0 |   622
           D:5 |       0 |     836 |   0.0 |       0 |      19 |   0.0 |  1394
           D:6 |       0 |     292 |   0.0 |       0 |       6 |   0.0 |   462
               +---------+---------+-------+---------+---------+-------+---------
